 Dungeon Crawl Stone Soup version 0.28.0-43-g3370ac3207 (webtiles) character file.

Game seed: 11170662302551414588

92 terff the Cudgeller (level 4, -1/34 HPs)
             Began as a Demonspawn Gladiator on Mar 30, 2022.
             Slain by Ijyb
             ... wielding a +0 club
              (2 damage)
             ... on level 3 of the Dungeon.
             The game lasted 00:04:36 (2299 turns).

terff the Cudgeller (Demonspawn Gladiator)          Turns: 2299, Time: 00:04:37

Health: -1/34      AC:  9    Str: 17    XL:     4   Next: 35%
Magic:  4/4        EV:  9    Int:  9    God:
Gold:   40         SH:  0    Dex: 14    Spells: 3/3 levels left

rFire   . . .      SeeInvis .   a - +0 flail (vorpal)
rCold   . . .      Faith    .   (no shield)
rNeg    . . .      Spirit   .   e - +0 chain mail
rPois   .          Reflect  .   c - +0 helmet
rElec   .          Harm     .   (no cloak)
rCorr   +          Rampage  .   (no gloves)
Will    .....                   (no boots)
Stlth   ..........              (no amulet)
HPRegen 0.11/turn               g - ring of resist corrosion
MPRegen 0.09/turn               (no ring)

@: no status effects
A: repulsion field 1
a: no special abilities


You were on level 3 of the Dungeon.
You visited 1 branch of the dungeon, and saw 3 of its levels.

You collected 40 gold pieces.

Inventory:

Hand Weapons
 a - a +0 vorpal flail (weapon)
Missiles
 d - 3 throwing nets (quivered)
Armour
 c - a +0 helmet (worn)
 e - a +0 chain mail (worn)
Jewellery
 g - a ring of resist corrosion (left hand)
Wands
 b - a wand of paralysis (7)
Scrolls
 l - a scroll of brand weapon
Potions
 f - 3 potions of curing {unknown}
 h - a potion of berserk rage {unknown}
 i - a potion of attraction {unknown}
 j - a potion of invisibility {unknown}
 k - a potion of mutation {unknown}


   Skills:
 + Level 2.6 Fighting
 + Level 3.9 Maces & Flails
 - Level 1.7 Throwing
 + Level 1.2 Armour
 + Level 3.0 Dodging


You had 3 spell levels left.
You didn't know any spells.
Your spell library contained the following spells:

 Spells                   Type           Power      Damage    Failure   Level
 Gell's Gravitas          Tloc           0%         N/A       100%        3
 Teleport Other           Tloc           0%         N/A       100%        3
 Dispersal                Tloc           0%         N/A       100%        6


Dungeon Overview and Level Annotations

Branches:
Dungeon (3/15)

Altars:
Sif Muna

Shops:
D:3 =

Annotations:
D:3 Ijyb


Innate Abilities, Weirdness & Mutations

You are surrounded by a mild repulsion field. (EV +2)


Message History

The adder is moderately wounded.
The adder bites you.
You are poisoned.
The adder poisons you!
Ijyb zaps a wand.
The bolt of acid hits you. You resist. The adder bites you but does no damage.
You hit the adder but do no damage.
The adder is lightly wounded.
You feel sick. The adder bites you but does no damage.
You hit the adder.
The adder is severely wounded.
You feel sick. The adder bites you but does no damage.
Ijyb zaps a wand.
The bolt of acid misses you. The adder barely misses you.
You closely miss the adder.
The adder is severely wounded.
You feel sick. The adder bites you but does no damage.
Ijyb screams, "Get away!"
A hobgoblin comes into view.
The adder barely misses you.
The hobgoblin shouts!
You hit the adder but do no damage.
The adder is severely wounded.
You feel sick. The adder bites you but does no damage.
Ijyb zaps a wand.
The bolt of acid misses you.
You closely miss Ijyb.
You feel sick. The adder barely misses you. Ijyb hits you with a +0 club.
The adder bites you.
You closely miss Ijyb.
You feel sick.
You are no longer poisoned.
The adder bites you but does no damage.
Ijyb zaps a wand.
The bolt of acid misses you.
You hit Ijyb but do no damage. The adder barely misses you.
Ijyb hits you with a +0 club. The adder barely misses you.
You closely miss Ijyb.
Ijyb zaps a wand.
The bolt of acid hits you! You resist.
* * * LOW HITPOINT WARNING * * *
The adder bites you but does no damage. Ijyb barely misses you.
You barely miss Ijyb. The adder bites you but does no damage.
The hobgoblin hits you but does no damage.
The adder bites you.
* * * LOW HITPOINT WARNING * * *
Ijyb hits you with a +0 club.
You die...

...#####.....#..###.
...##...............#..
..#........##.†#......#
#
..............†)....##
.. #........##..#.##.##
#.#........##....##...
#....................##
#................###.#
#....S@....#.....# .#
#....gg....#...### ..
#..#............. #..
#...#####...#. # #...#
...# ...... ....
#...... ..#> ##.###. .#
.[....##.####..


You could see Ijyb, an adder and a hobgoblin.

Vanquished Creatures
  4 adders
  2 dart slugs
  3 bats
  4 endoplasms
  6 giant cockroaches
  4 goblins
  4 hobgoblins
  6 kobolds
  3 quokkas
  7 ball pythons
  2 frilled lizards (D:2)
  3 rats
48 creatures vanquished.

Notes
Turn   | Place    | Note
-------+----------+-------------------------------------------
     0 | D:1      | terff the Demonspawn Gladiator began the quest for the Orb.
     0 | D:1      | Reached XP level 1. HP: 16/16 MP: 1/1
   471 | D:1      | Found a faded altar of an unknown god.
   487 | D:1      | Gained mutation: You are surrounded by a mild repulsion
                  | field. (EV +2) [demonic ancestry]
   487 | D:1      | Reached XP level 2. HP: 22/22 MP: 2/2
   975 | D:2      | Reached XP level 3. HP: 27/28 MP: 3/3
  1054 | D:2      | Reached skill level 1 in Armour
  1242 | D:2      | Found a shimmering blue altar of Sif Muna.
  1695 | D:2      | Reached XP level 4. HP: 34/34 MP: 4/4
  1989 | D:3      | Noticed Ijyb
  2057 | D:3      | Found Dariy's Jewellery Boutique.
  2299 | D:3      | HP: 1/34 [adder (1)]
  2299 | D:3      | Slain by Ijyb

Illustrated notes

Levels and vault maps discovered:
D:1:      dpeg_arrival_windows_large_door, layout_basic,
          dreamdust_ecumenical_altar_angels_and_demons
D:2:      wander_river, layout_loops_ring, minmay_hexomino_r4
D:3:      layout_rooms, trog_three_pillars_becter, serial_shops,
          nicolae_shop_window_shopping, uniq_ijyb, uniq_grinder

Skill      XL: |  1  2  3 |
---------------+----------+-----
Maces & Flails | 3 |  3.9
Dodging        | 3 |  3.0
Armour         | 1 |  1.2
Fighting       | |  2.6
Throwing       | |  1.7

Action                   |  1- 3 |  4- 6 || total
-------------------------+-------+-------++-------
Melee: Flail             |   143 |    31 ||   174
       Punch             |     1 |     1 ||     2
  Use: Scroll            |     1 |     5 ||     6
Armor: Chain mail        |    81 |    23 ||   104
       Leather armour    |     2 |       ||     2
Dodge: Dodged            |    76 |    23 ||    99
